 Dungeon Crawl Stone Soup version 0.27-a0-1365-ge71e8f7681 (webtiles) character file.

Game seed: 16503176717364394356

7725 Ijustatesigmund the Chopper (level 11, -2/75 HPs)
             Began as an Octopode Fighter on June 28, 2021.
             Was an Elder of Cheibriados.
             Slain by a warg (9 damage)
             ... on level 9 of the Dungeon.
             The game lasted 00:23:11 (12050 turns).

Ijustatesigmund the Chopper (Octopode Fighter)     Turns: 12050, Time: 00:23:11

Health: -2/75      AC:  5    Str: 26    XL:     11   Next: 19%
Magic:  16/16      EV: 31    Int: 21    God:    Cheibriados [****..]
Gold:   1556       SH: 13    Dex: 21    Spells: 12/15 levels left

rFire    . . .     SeeInvis .   c - +1 war axe (venom)
rCold    + + .     Faith    .   b - +1 kite shield
rNeg     . . .     Spirit   .   (helmet restricted)
rPois    +         Reflect  .   i - amulet of the acrobat
rElec    .         Harm     .   h - +4 ring of protection
rCorr    .         Rampage  .   d - ring of protection from cold
Will     .....                  (no ring)
Stlth    +++.......             (no ring)
HPRegen  0.22/turn              (no ring)
MPRegen  0.15/turn              (no ring)
                                (no ring)
                                (no ring)

@: acrobatic, very slow
A: almost no armour, amphibious, 8 rings, camouflage 1, gelatinous body 1,
(nimble swimmer 1), tentacles, cold resistance 1, poison resistance
a: Renounce Religion, Bend Time, Temporal Distortion, Slouch


You were on level 9 of the Dungeon.
You worshipped Cheibriados.
Cheibriados was greatly pleased with you.
You visited 2 branches of the dungeon, and saw 10 of its levels.
You also visited: Ossuary.

You collected 1556 gold pieces.

Inventory:

Hand Weapons
 a - a +1 war axe
 c - a +1 war axe of venom (weapon)
 j - a +2 flail of holy wrath
 k - a +2 flail of protection
Missiles
 g - 3 atropa-tipped darts
 y - a throwing net (quivered)
 D - a curare-tipped dart
Armour
 b - a +1 kite shield (worn)
Jewellery
 d - a ring of protection from cold (right tentacle)
 h - a +4 ring of protection (left tentacle)
 i - an amulet of the acrobat (around mantle)
 C - a ring of flight
Wands
 o - a wand of digging (5)
Scrolls
 t - a scroll of fear
 x - a scroll of amnesia
Potions
 e - a potion of attraction
 f - 3 potions of lignification
 l - a potion of flight
 n - a potion of ambrosia
 p - a potion of curing
 q - 3 potions of degeneration
 r - 2 potions of heal wounds
 s - 4 potions of haste
 v - a potion of mutation
 z - a potion of resistance
 A - 2 potions of brilliance
 B - a potion of berserk rage {unknown}


   Skills:
 + Level 7.0 Fighting
 + Level 7.8 Axes
 - Level 6.7 Dodging
 + Level 0.4 Stealth
 - Level 6.7 Shields
 - Level 2.5 Spellcasting
 - Level 4.8 Transmutations
 + Level 7.7 Invocations
 - Level 6.2 Evocations


You had 12 spell levels left.
You knew the following spells:

 Your Spells              Type           Power      Damage    Failure   Level
a - Beastly Appendage     Tmut           46%        N/A       5%          1
b - Wereblood             Tmut           23%        N/A       9%          2

Your spell library contained the following spells:

 Spells                   Type           Power      Damage    Failure   Level
 Passwall                 Tmut/Erth      10%        N/A       22%         2
 Sandblast                Erth           4%         2d4       38%         1
 Shock                    Conj/Air       8%         1d3       38%         1
 Spider Form              Tmut/Pois      6%         N/A       41%         3
 Static Discharge         Conj/Air       2%         N/A       52%         2
 Stone Arrow              Conj/Erth      4%         3d7       77%         3
 Swiftness                Air            2%         N/A       77%         3
 Ice Form                 Ice/Tmut       12%        N/A       83%         4
 Petrify                  Tmut/Erth      12%        N/A       83%         4
 Airstrike                Air            1%         N/A       99%         4
 Lee's Rapid Deconstruct  Erth           1%         3d5*      100%        5
 Lightning Bolt           Conj/Air       1%         1d12      100%        5


Dungeon Overview and Level Annotations

Branches:
Dungeon (9/15)             Temple (1/1) D:5             Orc (0/2) D:9
Ossuary (visited)
   Lair: D:8-11

Altars:
Ashenzari
Cheibriados
Dithmenos
Elyvilon
Fedhas
Gozag
Hepliaklqana
Kikubaaqudgha
Makhleb
Nemelex Xobeh
Okawaru
Qazlal
Ru
Sif Muna
Trog
Uskayaw
Vehumet
Wu Jian
Xom
Yredelemnul
Zin
The Shining One

Shops:
D:2 (   D:3 *


Innate Abilities, Weirdness & Mutations

You cannot wear most types of armour.
You are amphibious.
You can wear up to eight rings at the same time.
Your skin changes colour to match your surroundings (Stealth+).
Your rubbery body absorbs attacks. (AC +1, EV +1)
((You are camouflaged near water. (Stealth+)))
You have tentacles for arms and can constrict up to eight enemies at once.
Your flesh is cold resistant. (rC+)
Your system is resistant to poisons. (rPois)


Message History

You slash the warg! You squeeze the warg!
You kill the warg!
Cheibriados appreciates the change of pace.
You closely miss the warg. You hit the warg but do no damage.
The warg closely misses you. The warg bites you. The warg bites you!
You block the warg's attack.
You are too injured to fight recklessly!
You are too injured to fight recklessly!
You are too injured to fight recklessly!
You are too injured to fight recklessly!
You are too injured to fight recklessly!
You are too injured to fight recklessly!
You are too injured to fight recklessly!
You are too injured to fight recklessly!
You are too injured to fight recklessly!
You are too injured to fight recklessly!
You are too injured to fight recklessly!
You are too injured to fight recklessly!
You are too injured to fight recklessly!
You are too injured to fight recklessly!
Casting: Beastly Appendage (safe; 5% risk of failure)
Confirm with . or Enter, or press ? or * to list all spells.
You miscast Beastly Appendage.
You are very lightly contaminated with residual magic.
Nothing appears to happen.
The warg bites you! The warg bites you.
* * * LOW HITPOINT WARNING * * *
You hit the warg. Your squeeze misses the warg.
The warg is lightly wounded.
You completely miss the warg. You block the warg's attack. The warg misses you.
You block the warg's attack. The warg misses you.
You block the warg's attack. x2
You block the warg's attack. x2; The warg completely misses you.
The warg looks more healthy.
You block the warg's attack. The warg bites you!
* * * LOW HITPOINT WARNING * * *
The warg completely misses you. x2
Your magical contamination has completely faded away.
The warg completely misses you. The warg misses you.
You block the warg's attack. The warg bites you!
You die...

........#
##..#.#####.#
........###.....#
#.. ##
.......†##....###
#.##.
........#.†..##
#..#.
.##.......#.##
####.[.
###.#.....#
####....#.
##.#.....#
#....##..#
#....hh###
#.)..###.#
#....#@#
#....###.#
#....#.#
#.........
#......#
#...####.#
#....### #.(.#
#.. #...# #####
### #.#. # . .


You could see 2 wargs.

Vanquished Creatures
  Harold (D:7)
  Joseph (D:8)
  Maggie (D:9)
  Prince Ribbit (D:7)
  2 hornets (D:9)
  4 yaks (D:8)
  4 fire bats (D:8)
  A wyvern (D:8)
  Grum (D:8)
  A warg (D:9)
  2 water moccasins (D:7)
  A black bear (D:4)
  A sky beast (D:8)
  2 orc warriors (D:9)
  An ice beast (D:6)
  A necrophage (D:4)
  4 wolves
  3 centaurs
  3 ogres
  A phantom (D:4)
  2 kobold brigands
  5 bullfrogs
  3 scorpions
  8 killer bees
  5 wights (D:9)
  A howler monkey (D:6)
  11 centaur zombies
  2 lava snakes (D:8)
  3 bullfrog zombies (D:6)
  4 hounds
  3 jellies
  A bullfrog skeleton (D:6)
  3 orc priests
  A centaur skeleton (D:7)
  2 iguanas (D:4)
  10 orc wizards
  A hound skeleton (D:5)
  6 mummies (Ossuary)
  A howler monkey zombie (D:8)
  3 gnolls (D:3)
  3 adders
  An ufetubus (D:4)
  An adder skeleton (D:4)
  A dart slug (D:2)
  22 orcs
  3 ball pythons
  8 bats
  6 endoplasms
  2 giant cockroaches
  4 goblins
  5 hobgoblins
  21 jackals
  4 kobolds
  4 quokkas
  2 frilled lizards
  2 hobgoblin zombies (Ossuary)
  8 rats
  2 fire vortices (D:8)
210 creatures vanquished.

Vanquished Creatures (others)
  Psyche (D:8)
  11 demonic plants (D:1)
  A fire vortex (D:8)
  4 withered plants (D:1)
17 creatures vanquished.

Grand Total: 227 creatures vanquished

Notes
Turn   | Place    | Note
-------+----------+-------------------------------------------
     0 | D:1      | Ijustatesigmund the Octopode Fighter began the quest for
                  | the Orb.
     0 | D:1      | Reached XP level 1. HP: 16/16 MP: 1/1
   130 | D:1      | Reached XP level 2. HP: 18/21 MP: 2/2
   457 | D:1      | Reached XP level 3. HP: 13/26 MP: 3/3
   918 | D:1      | Found a faded altar of an unknown god.
  1267 | D:2      | Gained mutation: Your system is resistant to poisons.
                  | (rPois) [potion of mutation]
  1267 | D:2      | Gained mutation: Your flesh is cold resistant. (rC+)
                  | [potion of mutation]
  1346 | D:2      | Found a white marble altar of Elyvilon.
  1691 | D:2      | Found Sigg's Weapon Shop.
  2136 | D:3      | Reached XP level 4. HP: 30/31 MP: 4/4
  2152 | D:3      | Found Zin's Purification Station.
  2157 | D:3      | Found a glowing silver altar of Zin.
  2773 | D:3      | Reached XP level 5. HP: 24/37 MP: 5/5
  3296 | D:4      | Noticed a necrophage
  3302 | D:4      | Killed a necrophage
  3337 | D:4      | Reached XP level 6. HP: 36/43 MP: 6/6
  3837 | D:4      | Noticed a black bear
  3855 | D:4      | Killed a black bear
  3856 | D:4      | Reached XP level 7. HP: 28/48 MP: 7/7
  3859 | D:4      | Reached skill level 5 in Axes
  4596 | D:5      | Entered Level 5 of the Dungeon
  4792 | D:5      | Learned a level 1 spell: Beastly Appendage
  5240 | D:5      | Reached skill level 1 in Transmutations
  5240 | D:5      | Reached XP level 8. HP: 18/54 MP: 8/8
  5833 | D:5      | Found a staircase to the Ecumenical Temple.
  5855 | D:5      | Reached skill level 5 in Fighting
  5855 | D:5      | Reached skill level 5 in Dodging
  6011 | Temple   | Entered the Ecumenical Temple
  6126 | Temple   | Became a worshipper of Cheibriados the Contemplative
  6196 | D:6      | Identified a scroll of acquirement
  6196 | D:6      | Acquired 1163 gold pieces
  6210 | D:6      | Reached skill level 1 in Invocations
  6214 | D:6      | Reached skill level 1 in Evocations
  6520 | D:6      | Found a sand-covered staircase.
  6529 | D:6      | You fall into a shaft and drop 2 floors!
  6529 | D:8      | Noticed Joseph
  6530 | D:8      | Noticed Psyche
  6531 | D:8      | Killed Psyche
  6542 | D:8      | Killed Joseph
  6676 | D:6      | Found a shadowy altar of Dithmenos.
  6683 | D:6      | Reached XP level 9. HP: 55/61 MP: 12/12
  6728 | Ossuary  | Entered an ossuary
  6748 | Ossuary  | Reached skill level 5 in Invocations
  6763 | Ossuary  | Reached * piety under Cheibriados
  7008 | D:6      | Upgraded the game from 0.27-a0-1358-ga0a28fc8c3 to
                  | 0.27-a0-1365-ge71e8f7681
  7014 | D:6      | Reached skill level 5 in Shields
  7053 | D:6      | Found a stormy altar of Qazlal.
  7610 | D:7      | Noticed Harold
  7625 | D:7      | Killed Harold
  7879 | D:7      | Noticed Prince Ribbit
  7894 | D:7      | Killed Prince Ribbit
  7895 | D:7      | Reached XP level 10. HP: 39/68 MP: 12/14
  8228 | D:7      | Reached skill level 5 in Evocations
  8247 | D:7      | Identified the +3 dagger of Incongruity {flame, rC+}
  8270 | D:7      | Reached ** piety under Cheibriados
  9368 | D:8      | Reached skill level 1 in Spellcasting
  9671 | D:8      | Noticed Grum
  9708 | D:8      | Found a sacrificial altar of Ru.
 10235 | D:8      | Reached *** piety under Cheibriados
 10482 | D:8      | Learned a level 2 spell: Wereblood
 10634 | D:8      | Killed Grum
 10823 | D:9      | Noticed a catoblepas
 10838 | D:9      | Noticed a red ugly thing
 11326 | D:9      | Noticed Maggie
 11329 | D:9      | Reached XP level 11. HP: 64/74 MP: 16/16
 11333 | D:9      | Reached **** piety under Cheibriados
 11335 | D:9      | Killed Maggie
 12039 | D:9      | Found a staircase to the Orcish Mines.
 12050 | D:9      | Slain by a warg

Illustrated notes

Levels and vault maps discovered:
D:1:      minmay_arrival_three_doors, layout_loops_ring,
          shapermc_ecumenical_altar_gd
D:2:      layout_loops_cross, serial_shops, nicolae_shop_stone, basic_altar,
          chequers_serial_rivers_micro_b, kennysheep_cluttered_room,
          amethyst_killhole, minmay_distorted
D:3:      layout_basic, zin_purify, minmay_misc_feat_secret_circle
D:4:      layout_basic
D:5:      layout_loops_corners, minmay_temple_entry_glassed_door
D:6:      layout_basic, nicolae_overflow_crystal_walls, lemuel_crystal_altar,
          nicolae_ossuary_entry_ruins
D:7:      layout_basic, uniq_prince_ribbit1, uniq_harold
D:8:      layout_basic, lemuel_round_altar, hangedman_incinerator, uniq_grum,
          uniq_psyche, uniq_joseph
D:9:      kennysheep_blocky_hall, layout_rooms, minmay_orc_entry_guard_dogs,
          minmay_radiant, uniq_maggie
Temple:   compressed_dpeg_circular_temple

Skill      XL: |  1  2  3  4  5  6  7  8  9 10 11 |
---------------+----------------------------------+-----
Axes           | 3 4 5 6 7 |  7.8
Dodging        | 4 5 6 |  6.7
Shields        | 4 5 6 |  6.7
Fighting       | 4 5 6 7 |  7.0
Transmutations | 1 3 4 |  4.8
Invocations    | 4 6 7 |  7.7
Evocations     | 3 4 6 |  6.2
Spellcasting   | 2 |  2.5
Stealth        | |  0.4

Action                   |  1- 3 |  4- 6 |  7- 9 | 10-12 || total
-------------------------+-------+-------+-------+-------++-------
Melee: War axe           |   100 |    72 |   179 |   170 ||   521
       Constrict         |    26 |    18 |    33 |    37 ||   114
       Tentacles         |    26 |    13 |    45 |    60 ||   144
       Flail             |       |       |     2 |       ||     2
       Kick              |       |       |     6 |    46 ||    52
 Cast: Beastly Appendage |       |       |     5 |    16 ||    21
       Wereblood         |       |       |       |     3 ||     3
Evoke: Wand              |       |       |       |     2 ||     2
  Use: Scroll            |     5 |     1 |     2 |    13 ||    21
       Potion            |     1 |     1 |     8 |       ||    10
 Stab: Sleeping          |     7 |     4 |     8 |     2 ||    21
       Invisible         |       |       |     5 |       ||     5
       Distracted        |       |       |       |     1 ||     1
Armor: Skin              |     4 |    20 |   117 |    36 ||   177
Dodge: Dodged            |    33 |    50 |   124 |   165 ||   372
Block: Kite shield       |    36 |    30 |   108 |   137 ||   311

Table legend: (Time is in decaauts)
 A = Elapsed time spent in this place.
 B = Non-inter-level travel time spent in this place.
 C = Inter-level travel time spent in this place.
 D = Time resting spent in this place.
 E = Time spent auto-exploring this place.
 F = Levels seen in this place.
 G = Mean time per level.
                   A        B        C        D        E       F      G
               +--------+--------+--------+--------+--------+-----+--------+
         Total |  13433 |  13038 |    395 |   3576 |   7376 |  11 | 1221.2 |
       Dungeon |  12996 |  12644 |    352 |   3443 |   7223 |   9 | 1444.0 |
        Temple |    135 |     93 |     42 |      0 |     92 |   1 |  135.0 |
       Ossuary |    300 |    300 |      0 |    133 |     60 |   1 |  300.0 |
               +--------+--------+--------+--------+--------+-----+--------+

Top non-repeatable levels by time:
     D:8: 2562 daAuts
     D:7: 1548 daAuts
     D:6: 1511 daAuts
     D:5: 1475 daAuts
     D:4: 1376 daAuts
     D:1: 1296 daAuts
     D:9: 1201 daAuts
     D:3: 1132 daAuts
     D:2: 892 daAuts
 Ossuary: 300 daAuts
  Temple: 135 daAuts
